 Dungeon Crawl Stone Soup version 0.26-a0-1191-ge2a0e31ab3 (webtiles) character file.

Game seed: 16196919615515464750

16 vvl the Firebug (level 2, -3/19 HPs)
             Began as a Demonspawn Fire Elementalist on Dec 29, 2020.
             Slain by a quokka (5 damage)
             ... on level 2 of the Dungeon.
             The game lasted 00:02:44 (1059 turns).

vvl the Firebug (Demonspawn Fire Elementalist)      Turns: 1059, Time: 00:02:45

Health: -3/19      AC:  2    Str:  8    XL:     2   Next: 37%
Magic:  4/5        EV: 12    Int: 16    God:
Gold:   7          SH:  0    Dex: 13    Spells: 4/5 levels left

rFire    . . .     SeeInvis .   f - +0 short sword (elec)
rCold    . . .     Faith    .   (no shield)
rNeg     . . .     Spirit   .   a - +0 robe
rPois    .         Reflect  .   (no helmet)
rElec    .         Harm     .   (no cloak)
rCorr    .         Rampage  .   (no gloves)
Will     .....                  (no boots)
Stlth    ++........             (no amulet)
HPRegen  0.06/turn              (no ring)
MPRegen  0.09/turn              (no ring)

@: no status effects
A: powered by death 1
a: no special abilities


You were on level 2 of the Dungeon.
You visited 1 branch of the dungeon, and saw 2 of its levels.

You collected 7 gold pieces.

Inventory:

Hand Weapons
 e - a +0 war axe
 f - a +0 short sword of electrocution (weapon)
 g - a +1 vorpal hunting sling
Armour
 a - a +0 robe (worn)
Scrolls
 b - 2 scrolls of teleportation {unknown}
 i - a scroll of identify {unknown}
 j - a scroll of remove curse {unknown}
Potions
 c - a potion of invisibility {unknown}
 d - a potion of might {unknown}
 h - 3 potions of curing {unknown}
 k - a potion of degeneration {unknown}


   Skills:
 - Level 1.7 Dodging
 - Level 1.7 Stealth
 + Level 2.2 Spellcasting
 * Level 1.8 Conjurations
 + Level 2.9 Fire Magic


You had 4 spell levels left.
You knew the following spells:

 Your Spells              Type           Power        Failure   Level
a - Foxfire               Conj/Fire      36%          8%          1

Your spell library contained the following spells:

 Spells                   Type           Power        Failure   Level
 Conjure Flame            Conj/Fire      9%           22%         3
 Inner Flame              Hex/Fire       6%           32%         3
 Sticky Flame             Conj/Fire      9%           58%         4
 Fireball                 Conj/Fire      4%           91%         5


Dungeon Overview and Level Annotations

Branches:
Dungeon (2/15)

Altars:


Innate Abilities, Weirdness & Mutations

You regenerate a little health from kills.


Message History

A quokka is nearby!
A quokka is nearby!
A quokka is nearby!
You hit the quokka but do no damage. The quokka bites you. x2
You hit the quokka but do no damage. The quokka bites you.
You barely miss the quokka.
The quokka twitches its whiskers.
The quokka barely misses you.
You closely miss the quokka. The quokka bites you.
You are too injured to fight recklessly!
You are too injured to fight recklessly!
The quokka closely misses you.
You completely miss the quokka. The quokka bites you.
You closely miss the quokka. The quokka bites you.
* * * LOW HITPOINT WARNING * * *
The quokka barely misses you.
Casting: Foxfire (safe; 8% risk of failure)
Confirm with . or Enter, or press ? or * to list all spells.
You conjure some foxfire!
The quokka bites you.
You die...

# ##.....## #.
#....## #..
#.####
#..#########.#
###............#
#.......########
#.##.##.#
#.##.########
#..v@v.......
####r########
#.#####.#
#.......#
#########


You could see a quokka.

Vanquished Creatures
  A worm (D:2)
  2 leopard geckos (D:1)
  A hobgoblin (D:2)
  A quokka (D:2)
  2 bats (D:1)
  2 frilled lizards (D:1)
  A goblin (D:2)
  2 kobolds (D:1)
  A rat (D:2)
13 creatures vanquished.

Vanquished Creatures (others)
  30 foxfires
30 creatures vanquished.

Grand Total: 43 creatures vanquished

Notes
Turn   | Place    | Note
-------+----------+-------------------------------------------
     0 | D:1      | vvl the Demonspawn Fire Elementalist began the quest for
                  | the Orb.
     0 | D:1      | Reached XP level 1. HP: 13/13 MP: 3/3
   769 | D:1      | Gained mutation: You regenerate a little health from kills.
                  | [demonic ancestry]
   769 | D:1      | Reached XP level 2. HP: 19/19 MP: 5/5
  1059 | D:2      | Slain by a quokka

Illustrated notes

Levels and vault maps discovered:
D:1:      sevenhm_arrival_forest_fort_small_4, layout_loops_cross,
          serial_park_tiny_pond, dk_noncrumbling_3, columned_hall_lemuel
D:2:      layout_loops_ring, kennysheep_ying_yang, grunt_temple_overflow_open,
          chequers_ecumenical_altar_lobes, kennysheep_generic_room_14

Action                   || total
-------------------------++-------
Melee: War axe           ||     4
       Short sword       ||     8
 Cast: Foxfire           ||    18
 Stab: Sleeping          ||     3
Armor: Robe              ||     1
Dodge: Dodged            ||     4

Table legend: (Time is in decaauts)
 A = Elapsed time spent in this place.
 B = Non-inter-level travel time spent in this place.
 C = Inter-level travel time spent in this place.
 D = Time resting spent in this place.
 E = Time spent auto-exploring this place.
 F = Levels seen in this place.
 G = Mean time per level.
                   A        B        C        D        E       F      G
               +--------+--------+--------+--------+--------+-----+--------+
         Total |   1060 |   1035 |     25 |      0 |    949 |   2 |  530.0 |
       Dungeon |   1060 |   1035 |     25 |      0 |    949 |   2 |  530.0 |
               +--------+--------+--------+--------+--------+-----+--------+

Top non-repeatable levels by time:
     D:1: 876 daAuts
     D:2: 184 daAuts
